 Dungeon Crawl Stone Soup version 0.20.0-15-g7f486f2 (webtiles) character file.

24333 Chiseanne the Fighter (level 12, -3/99 HPs)
             Began as a Demonspawn Wanderer on June 27, 2017.
             Was an Initiate of Gozag.
             Slain by a harpy (13 damage)
             ... summoned by Kirke
             ... on level 13 of the Dungeon.
             The game lasted 00:55:21 (15699 turns).

Chiseanne the Fighter (Demonspawn Wanderer)        Turns: 15699, Time: 00:55:21

Health: -3/99      AC:  0    Str: 19    XL:     12   Next: 79%
Magic:  25/25      EV: 22    Int: 14    God:    Gozag
Gold:   288        SH:  0    Dex: 16    Spells: 19/30 levels left

rFire    . . .     SeeInvis .   (weapon currently unavailable)
rCold    . . .     Gourm    .   (shield currently unavailable)
rNeg     . . .     Faith    .   (armour currently unavailable)
rPois    .         Spirit   .   (helmet currently unavailable)
rElec    .         Reflect  .   (cloak currently unavailable)
rCorr    .         Harm     .   (gloves currently unavailable)
MR       .....                  (boots currently unavailable)
Stlth    ++........             M - amulet of regeneration
Regen    0.7/turn               (ring currently unavailable)
MPRegen  0.2/turn               (ring currently unavailable)

@: mighty, about to teleport, pig-form, berserk cooldown, hasted and slowed,
very quick
A: foul stench 1, powered by death 2, rot immunity
a: Potion Petition, Call Merchant, Bribe Branch, Renounce Religion


You were on level 13 of the Dungeon.
You worshipped Gozag.
Gozag was aware of your devotion.
You were not hungry.
You were a filthy swine.
You visited 2 branches of the dungeon, and saw 14 of its levels.

You collected 2489 gold pieces.
You spent 1493 gold pieces at shops.
You paid 708 gold pieces to Gozag.

Inventory:

Hand Weapons
 a - the +4 scimitar of Uskayaw's Castigation {drain, +Rage MR+ Str+2 Int+3}
   (You bought it in a shop on level 11 of the Dungeon)

   A truly terrible weapon, it drains the life of those it strikes.
   It affects your strength (+2).
   It affects your intelligence (+3).
   It affects your resistance to hostile enchantments.
   It lets you go berserk.
 d - a +1 scimitar of flaming
 s - the +3 triple sword of Defiance (melded) {venom, rF++ Dex-5}
   (You bought it in a shop on level 11 of the Dungeon)

   It poisons the flesh of those it strikes.
   It affects your dexterity (-5).
   It greatly protects you from fire.
 w - a +5 blowgun
Missiles
 e - 75 poisoned needles
 h - 19 tomahawks (quivered)
 i - 14 curare-tipped needles
 z - 59 sling bullets
 B - 4 throwing nets
 D - 101 arrows
 U - 135 bolts
 X - 6 tomahawks of dispersal
Armour
 b - the cursed +1 ring mail of the Bulwark (melded) {*Slow rElec rPois rCorr}
   (You bought it in a shop on level 13 of the Dungeon)

   It insulates you from electricity.
   It protects you from poison.
   It protects you from acid and corrosion.
   It may slow you when you take damage.
   It has a curse placed upon it.
 j - a +1 pair of gloves (melded)
 O - a +2 pair of boots (melded)
Jewellery
 k - an uncursed ring of fire
 v - an uncursed ring of magical power
 C - a ring of wizardry (melded)
 M - an amulet of regeneration (around neck)
 S - a +5 ring of dexterity (melded)
 T - an uncursed ring of protection from cold {unknown}
Wands
 n - a wand of iceblast (0/15)
 p - a wand of disintegration (10/24)
 y - a wand of flame (29/48)
 E - a wand of digging (11/24)
 P - a wand of iceblast (7/15)
 V - a wand of iceblast (5/15)
Scrolls
 r - 5 scrolls of teleportation
 x - 7 scrolls of magic mapping
 A - 3 scrolls of recharging
 G - 6 scrolls of remove curse
 L - a scroll of amnesia
 Y - a scroll of blinking
Potions
 g - a potion of lignification
 o - a potion of might
 q - 2 potions of magic
 t - 6 potions of curing
 u - 2 potions of brilliance
 I - 2 potions of mutation
 K - a potion of flight
 Z - 2 potions of resistance
Books
 c - a book of Frost

   Spells                             Type                      Level
   a - Freeze                         Ice                          1
   b - Throw Frost                    Conjuration/Ice              2
   c - Ozocubu's Armour               Charms/Ice                   3
   d - Throw Icicle                   Conjuration/Ice              4
   e - Summon Ice Beast               Ice/Summoning                4
 l - a book of Debilitation

   Spells                             Type                      Level
   a - Corona                         Hexes                        1
   b - Slow                           Hexes                        2
   c - Inner Flame                    Hexes/Fire                   3
   d - Portal Projectile              Hexes/Translocation          3
   e - Cause Fear                     Hexes                        4
   f - Leda's Liquefaction            Hexes/Earth                  4
 m - a book of Air

   Spells                             Type                      Level
   a - Shock                          Conjuration/Air              1
   b - Swiftness                      Charms/Air                   2
   c - Static Discharge               Conjuration/Air              3
   d - Airstrike                      Air                          4
   e - Lightning Bolt                 Conjuration/Air              5
 Q - the Volume of the Warped Frostbite
   (You found it on level 10 of the Dungeon)

   Spells                             Type                      Level
   a - Freeze                         Ice                          1
   b - Teleport Other                 Translocation                3
   c - Throw Icicle                   Conjuration/Ice              4
   d - Ozocubu's Refrigeration        Ice                          6
   e - Dispersal                      Translocation                6
 R - a book of Battle

   Spells                             Type                      Level
   a - Infusion                       Charms                       1
   b - Shroud of Golubria             Charms/Translocation         2
   c - Song of Slaying                Charms                       2
   d - Spectral Weapon                Hexes/Charms                 3
   e - Regeneration                   Charms/Necromancy            3
Comestibles
 f - 5 bread rations
 N - 6 meat rations


   Skills:
 * Level 10.7 Fighting
 * Level 5.8 Armour
 * Level 9.6 Dodging
 - Level 1.7 Stealth
 * Level 9.6 Spellcasting
 - Level 6.0 Conjurations
   Level 1.0 Hexes
 - Level 5.1 Charms
 - Level 6.4 Ice Magic
 - Level 1.0 Evocations


You had 19 spell levels left.
You knew the following spells:

 Your Spells              Type           Power        Failure   Level  Hunger
a - Shock                 Conj/Air       ###.         3%          1    None
b - Throw Icicle          Conj/Ice       ###.....     9%          4    ###....
c - Ozocubu's Armour      Chrm/Ice       ###.....     3%          3    #......
d - Static Discharge      Conj/Air       ###.....     10%         3    #......


Dungeon Overview and Level Annotations

Branches:
Dungeon (13/15)            Temple (1/1) D:6            Lair (0/6) D:9
    Orc (0/2) D:10
 Vaults: D:13-14

Altars:
Ashenzari
Cheibriados
Dithmenos
Elyvilon
Fedhas
Gozag
Hepliaklqana
Kikubaaqudgha
Makhleb
Nemelex Xobeh
Okawaru
Qazlal
Ru
Sif Muna
Trog
Uskayaw
Vehumet
Xom
Yredelemnul
Zin
The Shining One

Shops:
D:5 %   D:6 !=   D:7 *   D:8 =   D:11 (   D:12 *   D:13 [

Portals:
Trove: D:11 (give +6 demon blade)

Annotations:
D:13 Kirke


Innate Abilities, Weirdness & Mutations

((You have a pair of horns on your head.))
((You are partially covered in large bone plates. (SH +4)))
You may emit foul miasma when damaged in melee.
You regenerate health from kills.
You are immune to rotting.


Message History

The harpy closely misses you.
You bite something! The harpy claws you!!
* * * LOW HITPOINT WARNING * * *
The harpy closely misses you. Something hits you.
* * * LOW HITPOINT WARNING * * *
You are electrocuted!
* * * LOW HITPOINT WARNING * * *
You are no longer berserk.
You are exhausted.
You feel as though you will be slow longer.
The harpy screeches!
You hear some strange, mumbled words.
Something tries to affect you, but you resist.
The harpy claws you.
* * * LOW HITPOINT WARNING * * *
The harpy completely misses you.
Found 20 arrows.
As you read the scroll of teleportation, it crumbles to dust.
You feel strangely unstable. The harpy barely misses you. The harpy claws you!
You die...
Your body crumbles into a pile of gold.

...... ... #..# ...... #... ..
#..# ...... . #.(. .. #..# ..
...... .... #..# #.##..# ....
...... ..... #[.# #.##..# ....
...... .....#..# #.##..###....
...... #...#..# #..h).......#
........ #...#..# #.)h).......#
...... ... #....h.# #.))).......#
....## #..##....H.###OO#).......#
....# #..##..##...{(Oy#..h.....#
....# #..##..##..$#OH.#...$....#
....# #..##..##...#...#........#
....# #......##...#(..#.........
.8..####......##...#...#........O
..............##...#............#
#.........###......#............#


You could see a two-headed ogre, a manticore and a harpy.

Vanquished Creatures
  A hydra (D:11)
  Harold (D:11)
  4 two-headed ogres
  Erica (D:8)
  2 centaur warriors (D:13)
  Sonja (D:11)
  2 unseen horrors
  An orc knight (D:13)
  2 ugly things (D:11)
  A deep elf mage (D:13)
  A manticore (D:11)
  2 gargoyles (D:11)
  3 yaktaurs (D:13)
  A freezing wraith (D:10)
  4 trolls
  A hornet (D:12)
  Prince Ribbit (D:6)
  Grinder (D:6)
  3 hippogriffs
  A water elemental (D:12)
  2 wraiths
  11 yaks
  A human (D:7)
  10 hogs
  Eustachio (D:6)
  5 hungry ghosts
  4 vampire mosquitoes (D:13)
  2 acid dragons (D:13)
  A warg (D:10)
  3 black bears
  A sky beast (D:10)
  8 orc warriors
  2 necrophages
  2 phantoms (D:6)
  4 ice beasts
  10 ogres
  4 centaurs
  5 big kobolds
  7 bullfrogs
  A scorpion (D:12)
  12 killer bees
  2 howler monkeys
  4 wights (D:10)
  2 centaur zombies
  2 bullfrog zombies
  10 crimson imps
  A quasit (D:6)
  6 hounds
  2 jellies
  4 orc priests
  2 centaur skeletons
  Jessica (D:9)
  3 bullfrog skeletons
  3 iguanas
  7 orc wizards
  5 worker ants
  A killer bee zombie (D:7)
  Robin (D:2)
  4 gnolls (D:7)
  9 adders
  3 shadow imps
  An ooze (D:4)
  3 adder zombies
  2 adder skeletons
  A worm (D:3)
  2 dart slugs
  4 leopard geckos
  38 orcs
  7 bats
  9 giant cockroaches
  19 goblins
  7 hobgoblins
  3 jackals (D:5)
  5 quokkas
  5 frilled lizards
  A jackal zombie (D:4)
  27 kobolds
  A leopard gecko skeleton (D:4)
  A quokka skeleton (D:4)
  5 rats
343 creatures vanquished.

Vanquished Creatures (collateral kills)
  A scorpion (D:10)
1 creature vanquished.

Vanquished Creatures (others)
  A fungus (D:3)
1 creature vanquished.

Grand Total: 345 creatures vanquished

Notes
Turn   | Place    | Note
-------+----------+-------------------------------------------
     0 | D:1      | Chiseanne the Demonspawn Wanderer began the quest for the Orb.
     0 | D:1      | Chiseanne set off with: a book of Frost, a +0 spear, a potion of lignification, a +0 robe, a +0 dagger, a bread ration
     0 | D:1      | Reached XP level 1. HP: 16/16 MP: 3/3
   375 | D:1      | Reached skill level 1 in Dodging
   378 | D:1      | Gained mutation: You regenerate a little health from kills. [demonic ancestry]
   378 | D:1      | Reached XP level 2. HP: 22/22 MP: 5/5
   729 | D:1      | Learned a level 1 spell: Freeze
   999 | D:2      | Reached XP level 3. HP: 27/28 MP: 6/6
  1010 | D:2      | Learned a level 2 spell: Throw Frost
  1014 | D:2      | Learned a level 3 spell: Ozocubu's Armour
  1958 | D:2      | Reached skill level 3 in Fighting
  2125 | D:2      | Noticed Robin
  2142 | D:2      | Reached XP level 4. HP: 27/35 MP: 7/7
  2167 | D:2      | Killed Robin
  2548 | D:3      | Found a blossoming altar of Fedhas.
  3268 | D:4      | Gained mutation: You are immune to rotting. [demonic ancestry]
  3268 | D:4      | Reached XP level 5. HP: 22/41 MP: 7/9
  3384 | D:4      | Noticed an ogre
  3392 | D:4      | Killed an ogre
  3553 | D:4      | Found a white marble altar of Elyvilon.
  3604 | D:4      | Gained mutation: You may emit foul miasma when damaged in melee. [demonic ancestry]
  3604 | D:4      | Reached XP level 6. HP: 38/48 MP: 10/10
  3991 | D:5      | Entered Level 5 of the Dungeon
  3999 | D:5      | Reached skill level 4 in Fighting
  4162 | D:5      | Reached XP level 7. HP: 49/54 MP: 7/12
  4430 | D:5      | Found Fovvoudime's Food Emporium.
  4592 | D:5      | Bought a royal jelly for 24 gold pieces
  4592 | D:5      | Bought a royal jelly for 24 gold pieces
  4922 | D:5      | Reached skill level 5 in Fighting
  5329 | D:6      | Gained mutation: You have a pair of small horns on your head. [demonic ancestry]
  5329 | D:6      | Reached XP level 8. HP: 62/62 MP: 10/14
  5482 | D:6      | Found Orphaffa's Jewellery Emporium.
  5628 | D:6      | Bought a cursed ring of teleportation for 58 gold pieces
  5657 | D:6      | Noticed Grinder
  5669 | D:6      | Paralysed by Grinder for 7 turns
  5694 | D:6      | Killed Grinder
  6115 | D:6      | Noticed Prince Ribbit
  6140 | D:6      | Killed Prince Ribbit
  6140 | D:6      | Reached skill level 5 in Dodging
  6140 | D:6      | Reached skill level 5 in Spellcasting
  6514 | D:6      | Noticed Eustachio
  6593 | D:6      | Killed Eustachio
  6593 | D:6      | Reached skill level 6 in Fighting
  6593 | D:6      | Reached skill level 5 in Ice Magic
  6756 | D:6      | Reached skill level 1 in Armour
  6767 | D:6      | Found Dopsi's Distillery.
  6865 | D:6      | Found a staircase to the Ecumenical Temple.
  6878 | Temple   | Entered the Ecumenical Temple
  7086 | Temple   | Became a worshipper of Gozag Ym Sagoz the Greedy
  7146 | D:6      | Gained mutation: You are partially covered in large bone plates. (SH +4) [demonic ancestry]
  7146 | D:6      | Reached XP level 9. HP: 68/70 MP: 17/17
  7418 | D:7      | Learned a level 1 spell: Shock
  7622 | D:7      | Found Sias's General Store.
  7638 | D:7      | Bought a scroll of identify for 32 gold pieces
  7744 | D:6      | Bought a potion of brilliance for 56 gold pieces
  7744 | D:6      | Bought a potion of berserk rage for 70 gold pieces
  8564 | D:7      | Bought a scroll of amnesia for 56 gold pieces
  8569 | D:7      | Learned a level 3 spell: Static Discharge
  8605 | D:7      | Reached skill level 7 in Fighting
  9330 | D:8      | Found Gab Itun's Jewellery Shoppe.
  9532 | D:8      | Noticed Erica
  9557 | D:8      | Reached XP level 10. HP: 65/79 MP: 19/19
  9570 | D:8      | Killed Erica
 10298 | D:7      | Bought a +2 pair of boots for 264 gold pieces
 10845 | D:9      | Found a sparkling altar of Nemelex Xobeh.
 10845 | D:9      | Noticed Jessica
 10848 | D:9      | Killed Jessica
 11018 | D:9      | Found a staircase to the Lair.
 11136 | D:9      | Reached skill level 1 in Conjurations
 11297 | D:9      | Noticed a two-headed ogre
 11317 | D:9      | Killed a two-headed ogre
 11317 | D:9      | Reached skill level 8 in Fighting
 11550 | D:10     | Entered Level 10 of the Dungeon
 11700 | D:10     | Found a staircase to the Orcish Mines.
 11794 | D:10     | Reached skill level 5 in Armour
 12076 | D:10     | Identified the Volume of the Warped Frostbite
 12114 | D:10     | Learned a level 4 spell: Throw Icicle
 12271 | D:10     | Noticed a two-headed ogre
 12282 | D:10     | Killed a two-headed ogre
 12282 | D:10     | Reached skill level 1 in Charms
 12282 | D:10     | Gained mutation: You regenerate health from kills. [demonic ancestry]
 12282 | D:10     | Reached XP level 11. HP: 76/87 MP: 6/22
 13094 | D:11     | Found a portal to a secret trove of treasure.
 13100 | D:11     | Found an opulent altar of Gozag.
 13147 | D:11     | Noticed Sonja
 13151 | D:11     | Killed Sonja
 13151 | D:11     | Reached skill level 9 in Fighting
 13359 | D:11     | Noticed a cyan ugly thing
 13384 | D:11     | Killed a cyan ugly thing
 13495 | D:11     | Noticed a five-headed hydra
 13504 | D:11     | Killed a three-headed hydra
 13750 | D:11     | Noticed Harold
 13772 | D:11     | Killed Harold
 13865 | D:11     | Noticed a brown ugly thing
 13876 | D:11     | Killed a brown ugly thing
 13876 | D:11     | Reached skill level 5 in Conjurations
 14125 | D:11     | Bought a dazzling scimitar for 243 gold pieces
 14125 | D:11     | Identified the +4 scimitar of Uskayaw's Castigation {drain, +Rage MR+ Str+2 Int+3} (You bought it in a shop on level 11 of the Dungeon)
 14276 | D:12     | Noticed a two-headed ogre
 14287 | D:12     | Killed a two-headed ogre
 14287 | D:12     | Gained mutation: You have a pair of horns on your head. [demonic ancestry]
 14287 | D:12     | Reached XP level 12. HP: 79/97 MP: 21/24
 14624 | D:11     | Bought a bone triple sword for 405 gold pieces
 14624 | D:11     | Identified the +3 triple sword of Defiance {venom, rF++ Dex-5} (You bought it in a shop on level 11 of the Dungeon)
 14815 | D:12     | Found an opulent altar of Gozag.
 14816 | D:12     | Found Gozag's Platinum Reserve.
 15019 | D:13     | Noticed a centaur warrior
 15031 | D:13     | Reached skill level 10 in Fighting
 15031 | D:13     | Reached skill level 5 in Charms
 15055 | D:13     | Killed a centaur warrior
 15339 | D:13     | Found Lextoagg's Antique Armour Shoppe.
 15341 | D:13     | Noticed a two-headed ogre
 15347 | D:13     | Killed a two-headed ogre
 15354 | D:13     | Bought a smelly ring mail for 261 gold pieces
 15516 | D:13     | Identified the cursed +1 ring mail of the Bulwark {*Slow rElec rPois rCorr} (You bought it in a shop on level 13 of the Dungeon)
 15585 | D:13     | Noticed a centaur warrior
 15599 | D:13     | Killed a centaur warrior
 15663 | D:13     | Noticed a two-headed ogre
 15667 | D:13     | Noticed an ogre mage
 15667 | D:13     | Noticed Kirke
 15682 | D:13     | Noticed a two-headed ogre
 15691 | D:13     | Noticed a two-headed ogre
 15699 | D:13     | Slain by a harpy

Skill      XL: |  1  2  3  4  5  6  7  8  9 10 11 12 |
---------------+-------------------------------------+-----
Dodging        | 1 2 3 4 5 6 7 8 9 |  9.6
Ice Magic      | 2 3 4 5 6 |  6.4
Fighting       | 3 4 5 6 7 8 9 10 | 10.7
Spellcasting   | 3 4 5 6 7 8 9 |  9.6
Armour         | 1 3 5 |  5.8
Conjurations   | 3 5 6 |  6.0
Charms         | 1 4 5 |  5.1
Stealth        | |  1.7
Hexes          | |  1.0
Evocations     | |  1.0

Action                   |  1- 3 |  4- 6 |  7- 9 | 10-12 || total
-------------------------+-------+-------+-------+-------++-------
Melee: Spear             |   108 |   123 |   360 |   338 ||   929
       Headbutt          |       |       |    57 |   159 ||   216
       Dagger            |       |       |    24 |     3 ||    27
       Scimitar          |       |       |       |   143 ||   143
       Short sword       |       |       |       |    16 ||    16
       Triple sword      |       |       |       |   107 ||   107
       Unarmed           |       |       |       |     2 ||     2
 Fire: Blowgun           |       |       |       |    21 ||    21
 Cast: Freeze            |    11 |     4 |     5 |       ||    20
       Throw Frost       |       |     4 |    16 |       ||    20
       Ozocubu's Armour  |       |     3 |    21 |    33 ||    57
       Shock             |       |       |     9 |    43 ||    52
       Static Discharge  |       |       |     3 |    52 ||    55
       Throw Icicle      |       |       |       |    18 ||    18
Invok: Call Merchant     |       |       |       |     1 ||     1
Evoke: Wand              |       |       |     2 |     8 ||    10
  Use: Scroll            |     6 |     6 |     9 |    12 ||    33
       Potion            |       |     2 |     2 |    11 ||    15
 Stab: Sleeping          |     6 |     7 |     4 |     3 ||    20
       Distracted        |       |       |     1 |     2 ||     3
  Eat: Chunk             |     4 |     7 |     6 |       ||    17
       Fruit             |       |       |     8 |     3 ||    11
       Royal jelly       |       |       |     7 |     4 ||    11
       Bread ration      |       |       |       |     6 ||     6
Armor: Robe              |    22 |    29 |    24 |       ||    75
       Skin              |       |     6 |       |       ||     6
       Leather armour    |       |       |    45 |   185 ||   230
       Ring mail         |       |       |       |    50 ||    50
Dodge: Dodged            |    68 |    56 |   257 |   720 ||  1101
Block: Other             |       |       |    22 |   155 ||   177
       Rpst.: Scimitar   |       |       |       |    42 ||    42
       Triple sword      |       |       |       |    41 ||    41
